annie, chaotic female human Rogue ###################### --------------- # ---------# ------ |.............|### |.......|# ##+.....# |.............-# |.......|# # |....|# --------------- |.............| #-.......|#######|....|### |.............| |.............| ###|.......| # |....|#####..............| |...........>.| # |...`...| # |....| ###|.............| -------------@- ### ---.----- # ------ ####..............| f # ###### # # ----------.---- # ### # # ### ## # # ### # # # # ### # # ### ### # # ### # # # --------.------# `################################ |....<........|# -------.-# # -.-|- |.............|# |........#### |...| |..............# |.......| ` |...| |.............| |.......+ |...| --------------- --------- ----- annie the Cutpurse Experience level: 3 Strength: 18 Dexterity: 18 Constitution: 17 Intelligence: 8 Wisdom: 7 Charisma: 7 Health: 0(24) Energy: 9(9) Def: 3 Gold: 182 Moves: 926 Dungeon seed: ozRldoGIZP8vCHWz Game ID: annie_1496854119 Your Inventory: Coins $ - 182 gold pieces Weapons a - an uncursed rusty +0 dagger named Biter (weapon in hand) b - 10 uncursed +0 daggers named <<< (in quiver) m - an uncursed +0 orcish dagger Armor e - an uncursed +1 leather armor (being worn) Comestibles h - an uncursed cram ration l - an uncursed lichen corpse o - 3 uncursed food rations Tools g - an uncursed blindfold k - an uncursed lock pick B - an uncursed sack Gems n - an uncursed jet stone Contents of the sack: 51 gold pieces an uncursed +0 short sword an uncursed spellbook of healing an uncursed potion of paralysis an uncursed potion of sickness Spells and supernatural/magical abilities: Name Level Category Fail Memory W - pray for help -- divine ? -- Your skills at the end: Fighting Skills Weapon Skills dagger [Basic] short sword [Basic] Spellcasting Skills Final Attributes: You were piously aligned. You were stealthy. You are dead. Vanquished creatures: a kitten a hobbit a gnome a gnome zombie a gecko a jackal a fox a goblin a sewer rat 5 grid bugs 4 lichens a kobold zombie 5 newts 24 creatures vanquished. Voluntary challenges: You were an atheist. You used a wielded weapon 25 times, starting on turn 131. You read items or engraved 1 time, starting on turn 926. You never genocided any monsters. You never polymorphed an object. You never changed form. You used no wishes. You never split a pudding. You never wrote Elbereth's name. You never violated your personal moral code. Dungeon overview: The Dungeons of Doom: levels 1 to 3 Level 1 some fountains a long staircase Level 2 stairs to The Gnomish Mines Level 3 <- You were here The Gnomish Mines: Level 3 stairs to The Dungeons of Doom History has recorded: On T:1 you entered the Dungeons of Doom to retrieve the Amulet of Yendor! On T:197 you reached level 2 of The Dungeons of Doom. On T:377 you reached level 3 of The Dungeons of Doom. On T:380 you advanced to experience level 2. On T:421 you reached level 1 of The Gnomish Mines. On T:561 you advanced to experience level 3. Score breakdown: Gold: 233 ( 8059 points) Experience: 3 levels ( 7878 points) Exploration: 3 levels ( 5.88%) ( 6000 points) Discoveries: 1 item ( 0.34%) ( 1737 points) Valuables value: (no points given unless you survive) Artifact value: 0 ( 0 points) Variety of kills: 13 monsters ( 3.41%) ( 5541 points) Turncount: 926 turns ( 0 points) Survival: died (score multiplied by 80%) Total score: 23372 Latest messages: You stop exploring. The grid bug misses. You kill the grid bug! $ - 67 gold pieces. You see here a food ration. o - a food ration. You see here a statue of a giant rat. You stop exploring. You kill the lichen! The kitten misses. Pick an object. A kitten on the floor of a room. The kitten bites! (3x) You miss the kitten. The kitten bites! (2x) You miss the kitten. The kitten bites! You write in the dust with your fingers. The kitten just misses! The kitten bites! You die... Final status: Goodbye annie the Rogue, killed by a kitten... You died in The Dungeons of Doom on dungeon level 3 with 23372 points, and 233 pieces of gold, after 926 moves. You were level 3 with a maximum of 24 hit points when you died.